 Dungeon Crawl Stone Soup version 0.29-a0-362-g5854e031c7 (webtiles) character file.

Game seed: 5823722429093392555

86 Enlil the Sneak (level 4, -2/24 HPs)
             Began as a Gargoyle Enchanter on Apr 29, 2022.
             Slain by a hobgoblin
             ... wielding a +0 club
              (5 damage)
             ... on level 2 of the Dungeon.
             The game lasted 00:06:43 (1670 turns).

Enlil the Sneak (Gargoyle Enchanter)                Turns: 1670, Time: 00:06:44

Health: -2/24      AC:  7    Str: 14    XL:     4   Next: 49%
Magic:  8/10       EV: 12    Int: 15    God:
Gold:   51         SH:  0    Dex: 10    Spells: 11/11 levels left

rFire   . . .      SeeInvis .   a - +1 dagger
rCold   . . .      Faith    .   (no shield)
rNeg    + . .      Spirit   .   d - +0 leather armour
rPois   ∞          Reflect  .   (no helmet)
rElec   +          Harm     .   (no cloak)
rCorr   .          Rampage  .   (no gloves)
Will    .....                   (no boots)
Stlth   +++.......              (no amulet)
HPRegen 0.08/turn               (no ring)
MPRegen 0.12/turn               (no ring)

@: invisible
A: sickness immunity, AC +3, negative energy resistance 1, electricity
resistance, torment resistance 1, petrification resistance
a: no special abilities


You were on level 2 of the Dungeon.
You visited 1 branch of the dungeon, and saw 2 of its levels.

You collected 51 gold pieces.

Inventory:

Hand Weapons
 a - a +1 dagger (weapon)
Armour
 b - a +0 robe
 d - a +0 leather armour (worn)
Jewellery
 e - an amulet of faith
 f - a ring of flight
Scrolls
 h - a scroll of enchant weapon {unknown}
Potions
 c - a potion of invisibility


   Skills:
 + Level 4.0 Short Blades
 + Level 4.7 Armour
 + Level 3.9 Dodging
 + Level 6.2 Stealth
 + Level 4.4 Spellcasting
 + Level 4.9 Hexes


You had 11 spell levels left.
You didn't know any spells.
Your spell library contained the following spells:

 Spells                   Type           Power      Damage    Failure   Level
 Confusing Touch          Hex            18%        N/A       9%          3
 Tukima's Dance           Hex            18%        N/A       9%          3
 Ensorcelled Hibernation  Hex/Ice        20%        N/A       12%         2
 Dazzling Flash           Conj/Hex       20%        N/A       22%         3


Dungeon Overview and Level Annotations

Branches:
Dungeon (2/15)

Altars:


Innate Abilities, Weirdness & Mutations

You are immune to sickness and miasma.
Your stone body is resilient. (AC +3)
You are immune to poison.
You resist negative energy. (rN+)
You are resistant to electric shocks. (rElec)
You are resistant to unholy torment.
You are immune to petrification.


Message History

The hobgoblin is moderately wounded.
The hobgoblin hits you with a +0 club. The hobgoblin attacks as you move away!
The hobgoblin closely misses you.
You hit the hobgoblin but do no damage.
The hobgoblin is moderately wounded.
The hobgoblin barely misses you. The hobgoblin attacks as you move away!
The hobgoblin hits you with a +0 club. The hobgoblin attacks as you move away!
The hobgoblin hits you but does no damage.
It was a potion of experience.
You feel more experienced!
Your Short Blades skill gained 3 levels and is now at level 4!
Your Armour skill gained 4 levels and is now at level 4!
Your Dodging skill gained 2 levels and is now at level 3!
Your Stealth skill gained 3 levels and is now at level 6!
Your Spellcasting skill gained 2 levels and is now at level 4!
Your Hexes skill increases to level 4!
You have reached level 4!
You feel stronger.
The hobgoblin hits you but does no damage.
You barely miss the hobgoblin.
The hobgoblin is moderately wounded.
You barely miss the hobgoblin.
The hobgoblin is moderately wounded.
The hobgoblin barely misses you.
You are too injured to fight recklessly!
You are too injured to fight recklessly!
The hobgoblin attacks as you move away! The hobgoblin barely misses you.
You hit the hobgoblin but do no damage.
The hobgoblin is moderately wounded.
The hobgoblin closely misses you.
You hit the hobgoblin.
The hobgoblin is heavily wounded.
The hobgoblin hits you with a +0 club.
* * * LOW HITPOINT WARNING * * *
You fade into invisibility!
The hobgoblin hits you with a +0 club.
* * * LOW HITPOINT WARNING * * *
The hobgoblin hits you with a +0 club.
You die...

########## #........# #### #.S...
#.######.# ...# #..... #.# #.#
...# #.... #.# #.# ...# .... #.#
#.# ...#
####.###########@######.####...##
.................g.............>.
...#.###########.######.#.#######
(.............................#
##.#.###########.######.#.###..#
#.#.# #.# #.#.# .. ##.#.# #.#
#.#.# ...#.# #.# #.#.. ####.# #.#
#....


You could see a hobgoblin (wandering, can't see you).

Vanquished Creatures
  An adder (D:2)
  A worm (D:2)
  5 ball pythons
  An endoplasm (D:1)
  2 giant cockroaches
  2 goblins (D:1)
  2 hobgoblins (D:1)
  5 jackals (D:1)
  A quokka (D:1)
  5 bats
  A frilled lizard (D:1)
  A rat (D:1)
27 creatures vanquished.

Notes
Turn   | Place    | Note
-------+----------+-------------------------------------------
     0 | D:1      | Enlil the Gargoyle Enchanter began the quest for the Orb.
     0 | D:1      | Reached XP level 1. HP: 10/10 MP: 3/3
    75 | D:1      | Reached skill level 1 in Short Blades
    99 | D:1      | Reached XP level 2. HP: 14/15 MP: 5/5
   378 | D:1      | Found a faded altar of an unknown god.
  1230 | D:1      | Reached XP level 3. HP: 18/19 MP: 6/6
  1659 | D:2      | Reached skill level 6 in Stealth
  1659 | D:2      | Reached XP level 4. HP: 8/24 MP: 7/10
  1670 | D:2      | Slain by a hobgoblin

Illustrated notes

Levels and vault maps discovered:
D:1:      amcnicky_arrival_underground_garden, layout_basic,
          shapermc_ecumenical_altar_acropolis, minmay_hedge_maze,
          hangedman_feature_mirror
D:2:      layout_basic, minmay_misc_feat_rugged, hangedman_decor_peaks_small

Skill      XL: |  1  2  3 |
---------------+----------+-----
Short Blades   | 1 4 |  4.0
Hexes          | 4 |  4.9
Armour         | 4 |  4.7
Dodging        | 3 |  3.9
Stealth        | 6 |  6.2
Spellcasting   | 4 |  4.4

Action                   |  1- 3 |  4- 6 || total
-------------------------+-------+-------++-------
Melee: Dagger            |   126 |     4 ||   130
       Punch             |     1 |       ||     1
  Use: Scroll            |     2 |       ||     2
       Potion            |     3 |     1 ||     4
 Stab: Sleeping          |     4 |       ||     4
Armor: Leather armour    |    60 |     1 ||    61
Dodge: Dodged            |    70 |     3 ||    73

Table legend: (Time is in decaauts)
 A = Elapsed time spent in this place.
 B = Non-inter-level travel time spent in this place.
 C = Inter-level travel time spent in this place.
 D = Time resting spent in this place.
 E = Time spent auto-exploring this place.
 F = Levels seen in this place.
 G = Mean time per level.
                   A        B        C        D        E       F      G
               +--------+--------+--------+--------+--------+-----+--------+
         Total |   1662 |   1646 |     16 |    568 |    705 |   2 |  831.0 |
       Dungeon |   1662 |   1646 |     16 |    568 |    705 |   2 |  831.0 |
               +--------+--------+--------+--------+--------+-----+--------+

Top non-repeatable levels by time:
     D:1: 1408 daAuts
     D:2: 254 daAuts
